 Dungeon Crawl Stone Soup version 0.21.0 (webtiles) character file.

51 BrokenGlass the Ruffian (level 3, 0/26 HPs)
             Began as an Octopode Fighter on Jan 8, 2018.
             Slain by a worker ant (5 damage)
             ... on level 2 of the Dungeon.
             The game lasted 00:01:12 (1168 turns).

BrokenGlass the Ruffian (Octopode Fighter)          Turns: 1168, Time: 00:01:13

Health: 0/26       AC:  1    Str: 16    XL:     3   Next: 83%
Magic:  3/3        EV: 14    Int: 10    God:
Gold:   74         SH:  0    Dex: 11    Spells: 2/2 levels left

rFire    . . .     SeeInvis .     - Unarmed
rCold    . . .     Gourm    .   (no shield)
rNeg     . . .     Faith    .   (helmet restricted)
rPois    .         Spirit   .   (no amulet)
rElec    .         Reflect  .   (no ring)
rCorr    .         Harm     .   (no ring)
MR       .....                  (no ring)
Stlth    ++........             (no ring)
HPRegen  0.08/turn              (no ring)
MPRegen  0.08/turn              (no ring)
                                (no ring)
                                (no ring)

@: lethally poisoned (0 -> -5)
A: almost no armour, stealthy swim, amphibious, 8 rings, constrict 8, camouflage
1, gelatinous body 1
a: no special abilities


You were on level 2 of the Dungeon.
You were hungry.

You visited 1 branch of the dungeon, and saw 2 of its levels.

You collected 74 gold pieces.

Inventory:

Armour
 a - a +0 shield
Jewellery
 d - an uncursed ring of fire {unknown}
 f - a cursed amulet of inaccuracy {unknown}
Scrolls
 g - a scroll of noise {unknown}
 i - 2 scrolls of identify {unknown}
Potions
 b - 2 potions of might
 e - 2 potions of berserk rage {unknown}
 h - a potion of cancellation {unknown}
 j - a potion of curing {unknown}
Comestibles
 c - 3 rations


   Skills:
 - Level 3.0 Fighting
 - Level 3.0 Dodging
 - Level 3.0 Shields
 + Level 4.0 Unarmed Combat


You had 2 spell levels left.
You didn't know any spells.

Dungeon Overview and Level Annotations

Branches:
Dungeon (2/15)

Altars:


Innate Abilities, Weirdness & Mutations

You cannot wear most types of armour.
You are very stealthy in the water. (Stealth+)
You are amphibious.
You can wear up to eight rings at the same time.
You can use your tentacles to constrict eight enemies at once.
Your skin changes colour to match your surroundings (Stealth+).
Your rubbery body absorbs attacks. (AC +1, EV +1)


Message History

There are monsters nearby!
You are too injured to fight recklessly!
Unknown command.
You tentacle-slap the worker ant.
The worker ant is moderately wounded.
You constrict the worker ant.
You feel sick. The worker ant barely misses you.
Unknown command.
You tentacle-slap the worker ant.
The worker ant is almost dead.
You constrict the worker ant.
The kobold throws a stone.
The stone barely misses you. The worker ant completely misses you.
The dart slug launches a dart at you. The slug dart hits you!
* * * LOW HITPOINT WARNING * * *
You tentacle-slap the worker ant.
The worker ant is almost dead.
You constrict the worker ant, but do no damage.
* * * LOW HITPOINT WARNING * * *
You feel sick. The worker ant bites you.
You die...

#.#.#..##..##.............#
#......##..##.....##.###..##
#..........##......#........
..#.....##.##......(†.###..##
#.##.#..##.##..........# ..#
# #.#..# #..........# #.#..#
###.....#..# #.#..#
##...)##..... #$.@.....###..
#...a......# . ......K......#
...........(...
......?......###
........>...!# .....w......##
.....#####.## #.


You could see a worker ant, a dart slug and a kobold.

Vanquished Creatures
  2 oozes (D:1)
  A dart slug (D:2)
  2 leopard geckos
  A ball python (D:1)
  2 giant cockroaches
  6 goblins (D:1)
  4 hobgoblins
  6 bats
  2 frilled lizards
  6 kobolds
  7 rats
39 creatures vanquished.

Notes
Turn   | Place    | Note
-------+----------+-------------------------------------------
     0 | D:1      | BrokenGlass the Octopode Fighter began the quest for the Orb.
     0 | D:1      | Reached XP level 1. HP: 16/16 MP: 1/1
    72 | D:1      | Reached XP level 2. HP: 21/21 MP: 2/2
   158 | D:1      | Reached skill level 3 in Unarmed Combat
   280 | D:1      | Reached XP level 3. HP: 23/26 MP: 3/3
  1047 | D:2      | Reached skill level 4 in Unarmed Combat
  1168 | D:2      | Slain by a worker ant

Skill      XL: |  1  2  3 |
---------------+----------+-----
Unarmed Combat | 3 4 |  4.0
Fighting       | |  3.0
Dodging        | |  3.0
Shields        | |  3.0

Action                   || total
-------------------------++-------
Melee: Unarmed           ||    80
       Constrict         ||    21
       Tentacles         ||    14
       Punch             ||     1
 Stab: Sleeping          ||    10
Armor: Skin              ||     5
Dodge: Dodged            ||    47
